Map: 2000 Atmospheres LE

Players

Lambo - Winner!

  • Race: Zerg Zerg

Denver

  • Race: Zerg Zerg

Event: DreamHack SC2 Masters 2021 Winter

VOD

Have the link to the VOD?

Description

Time

  • Played on: Oct. 14, 2021, 10:34 a.m.
  • Length: 7:41

All games in this series

Show
View Real Time Build Order
Export as new Build Order

Lambo Zerg - Winner!

Build Orders: Hatch First 

Get SALT Encoding   

  12  0:00  Drone  
  13  0:12  Overlord  
  13  0:17  Drone  
  14  0:31  Drone x2  
  16  0:48  Hatchery  
  15  0:51  Drone  
  15  0:54  Drone  
  17  0:58  Drone  
  18  1:05  Extractor  
  17  1:13  Spawning Pool  
  17  1:16  Drone  
  17  1:19  Drone  
  18  1:28  Drone  
  19  1:41  Drone  
  20  1:49  Drone  
  21  2:00  Queen x2  
  21  2:01  Zergling x2, Overlord  
  26  2:05  Metabolic Boost  
  26  2:11  Drone x2  
  28  2:23  Drone  
  28  2:24  Drone  
  30  2:32  Drone x2  
  30  2:37  Hatchery  
  31  2:43  Drone  
  32  2:44  Overlord  
  32  2:54  Zergling x2  
  32  2:57  Queen  
  35  2:58  Drone  
  35  3:04  Zergling x2  
  37  3:10  Drone x7  
  44  3:19  Evolution Chamber, Overlord  
  43  3:28  Overlord, Extractor  
  43  3:32  Zergling x2, Spine Crawler  
  43  3:33  Zergling x2  
  44  3:40  Zergling x4  
  49  3:41  Zergling x10  
  49  3:48  Spine Crawler x3  
  51  3:51  Zergling x2  
  51  3:52  Zergling x2  
  51  3:55  Zergling x2  
  48  4:04  Baneling Nest  
  48  4:05  Zergling x6  
  50  4:13  Zergling x4  
  50  4:15  Zergling x2  
  48  4:21  Zergling x2  
  48  4:25  Zergling x2  
  48  4:26  Zergling x2  
  48  4:27  Queen  
  51  4:34  Zergling x6  
  54  4:45  Zergling x4  
  54  4:48  Zergling x2  
  53  4:53  Baneling x2  
  53  4:55  Zergling x2  
  53  4:58  Queen  
  54  5:00  Drone x2  
  54  5:04  Baneling x3, Evolution Chamber  
  56  5:07  Drone x2  
  56  5:11  Overlord  
  56  5:14  Baneling x3  
  57  5:17  Overlord  
  57  5:21  Extractor  
  57  5:25  Drone  
  57  5:29  Drone  
  57  5:31  Zergling x2  
  57  5:32  Zergling x8  
  60  5:38  Zergling x6  
  60  5:41  Zergling x4  
  60  5:42  Zergling x2  
  63  5:45  Zergling x4  
  63  5:46  Baneling  
  63  5:49  Zergling x2  
  64  5:53  Zergling x2  
  64  5:54  Zergling x2  
  56  6:00  Zergling x4  
  56  6:03  Baneling x2  
  56  6:07  Drone x3  
  56  6:11  Baneling  
  59  6:15  Drone x4  
  63  6:21  Drone  
  63  6:22  Drone  
  65  6:30  Extractor  
  65  6:31  Drone x2  
  65  6:32  Roach Warren, Overlord  
  66  6:34  Drone  
  66  6:35  Drone  
  66  6:38  Overlord  
  60  7:09  Overlord  
  60  7:13  Roach x12  
  84  7:18  Roach x2  
  84  7:22  Zergling x4  
Show
View Real Time Build Order
Export as new Build Order

Denver Zerg 

Build Orders: Hatch First, Zergling Baneling 

Get SALT Encoding   

  12  0:00  Drone  
  13  0:12  Overlord  
  13  0:16  Drone  
  14  0:30  Drone x2  
  16  0:48  Hatchery  
  15  0:51  Drone  
  15  0:54  Drone  
  17  0:58  Drone  
  18  1:08  Extractor  
  17  1:13  Spawning Pool  
  17  1:16  Drone  
  17  1:20  Drone  
  18  1:28  Drone  
  19  1:39  Drone  
  20  1:49  Drone  
  21  2:00  Queen x2, Overlord  
  26  2:01  Drone  
  26  2:09  Metabolic Boost  
  26  2:11  Drone  
  26  2:12  Drone  
  28  2:21  Zergling x2  
  29  2:23  Drone  
  30  2:32  Drone x2  
  32  2:38  Baneling Nest  
  32  2:40  Queen  
  32  2:43  Overlord  
  33  2:48  Zergling x2  
  34  2:53  Zergling x4, Evolution Chamber  
  35  3:05  Zergling x4  
  37  3:10  Zergling x8  
  37  3:11  Zergling x4  
  43  3:21  Zergling x2  
  43  3:25  Overlord  
  43  3:33  Zergling x2  
  44  3:41  Baneling x3  
  44  3:42  Baneling x2  
  44  3:43  Baneling x3  
  44  3:44  Zergling x12  
  50  3:52  Zergling x2  
  51  4:00  Zergling x2  
  51  4:02  Overlord  
  51  4:09  Zergling x6  
  47  4:18  Zergling x8  
  47  4:23  Zergling x2  
  49  4:30  Drone  
  48  4:34  Drone x3  
  48  4:37  Baneling x2  
  51  4:39  Baneling x2  
  51  4:41  Hatchery  
  48  4:47  Drone x3  
  48  4:52  Zergling x4  
  49  4:57  Zerg Melee Weapons Level 1  
  49  4:58  Drone  
  49  5:03  Zergling x4  
  51  5:09  Drone x3  
  53  5:18  Zergling x8  
  57  5:23  Extractor  
  57  5:24  Overlord  
  54  5:30  Zergling x2  
  54  5:33  Zergling x2  
  54  5:34  Zergling x2, Queen  
  55  5:37  Baneling x3  
  55  5:41  Zergling x6  
  38  5:56  Zergling x10  
  37  6:02  Baneling  
  37  6:03  Baneling x2  
  37  6:06  Drone  
  37  6:09  Drone  
  39  6:17  Drone x3  
  42  6:21  Drone  
  42  6:25  Baneling x2  
  43  6:29  Drone x2  
  43  6:30  Drone  
  46  6:35  Drone x2  
  47  6:40  Drone  
  47  6:46  Drone x3  
  49  6:48  Drone x2  
  51  6:55  Zergling x4  
  51  7:02  Zergling x8  
  54  7:08  Zergling x2  
  54  7:09  Zergling x2  
  56  7:16  Zergling x4  
  56  7:24  Zergling x4  

Tags
 
Add a new tag
Caveats
  • Supply blocks, unpowered buildings, or Contaminate may cause inaccurate times.
  • Supply counts are checked every 10 seconds.